Map: Dusk Towers

Players

Fropez - Winner!

  • Race: Protoss Protoss
  • League: Silver
  • Spawn Location: 1:00

oblivous

  • Race: Zerg Zerg
  • League: Bronze
  • Spawn Location: 7:00

VOD

Have the link to the VOD?

Description

Time

  • Played on: June 23, 2016, 4:31 p.m.
  • Length: 19:39
Show
View Real Time Build Order
Export as new Build Order

Fropez Protoss - Winner!

Build Orders:  

Get SALT Encoding   

  12  0:01  Probe (Chrono Boost)  
  13  0:15  Pylon  
  13  0:21  Probe (Chrono Boost)  
  14  0:33  Gateway  
  14  0:35  Probe (Chrono Boost)  
  15  0:47  Probe (Chrono Boost)  
  16  0:51  Pylon  
  16  0:55  Assimilator  
  16  0:58  Probe (Chrono Boost)  
  17  1:11  Gateway  
  17  1:16  Gateway  
  17  1:18  Probe (Chrono Boost)  
  18  1:28  Cybernetics Core  
  18  1:31  Probe (Chrono Boost)  
  19  1:41  Gateway  
  19  1:51  Pylon  
  19  2:07  Pylon  
  19  2:08  Pylon  
  19  2:20  Forge  
  19  2:29  Pylon  
  19  2:34  Warp Gate (Chrono Boost)  
  18  2:40  Assimilator  
  18  2:46  Adept  
  20  2:56  Adept  
  22  3:03  Adept  
  24  3:10  Probe  
  25  3:18  Adept  
  27  3:24  Adept  
  29  3:36  Probe  
  29  3:38  Pylon  
  30  4:23  Protoss Ground Weapons Level 1 (Chrono Boost)  
  24  4:29  Adept  
  26  4:31  Adept  
  26  4:33  Adept, Nexus  
  30  4:39  Probe  
  31  4:51  Probe  
  26  5:23  Adept x3  
  28  5:29  Gateway  
  28  5:33  Pylon  
  28  5:37  Probe  
  29  5:49  Probe  
  29  5:51  Probe  
  29  5:52  Adept  
  29  5:53  Adept x2  
  37  5:58  Pylon  
  37  6:03  Probe  
  37  6:04  Probe  
  39  6:13  Protoss Ground Armor Level 1 (Chrono Boost), Mothership Core  
  41  6:25  Adept x2  
  45  6:55  Adept x2  
  45  6:56  Adept x2  
  47  7:24  Adept x2  
  47  7:25  Adept x2  
  55  7:34  Probe  
  55  7:35  Twilight Council, Probe  
  57  7:50  Adept x4, Probe  
  65  7:51  Probe  
  65  7:56  Assimilator, Protoss Ground Weapons Level 2 (Chrono Boost)  
  67  8:00  Probe, Assimilator  
  67  8:05  Probe  
  69  8:12  Resonating Glaives (Chrono Boost)  
  69  8:26  Pylon  
  69  8:37  Pylon  
  69  8:38  Probe  
  70  8:44  Probe  
  70  8:45  Adept x3  
  77  9:03  Probe x2  
  77  9:05  Adept  
  77  9:06  Adept  
  77  9:07  Adept  
  85  9:13  Pylon  
  85  9:15  Probe  
  82  9:31  Adept x3  
  82  9:32  Adept  
  68  10:32  Stalker x3  
  68  10:43  Dark Shrine  
  68  10:44  Pylon  
  68  10:52  Protoss Ground Weapons Level 3  
  68  10:54  Gateway  
  68  10:58  Probe x2, Gateway  
  68  11:02  Pylon  
  70  11:05  Pylon  
  70  11:34  Charge (Chrono Boost)  
  70  11:44  Gateway  
  70  11:48  Gateway  
  70  11:55  Dark Templar x4  
  70  11:56  Dark Templar  
  80  12:08  Probe x2  
  82  12:21  Photon Cannon  
  82  12:28  Pylon, Robotics Facility  
  72  13:39  Stargate  
  72  13:41  Stargate  
  72  13:46  Dark Templar x5  
  82  14:07  Pylon  
  82  14:11  Pylon  
  82  14:24  Nexus, Protoss Ground Armor Level 2  
  82  14:25  Stalker  
  82  14:26  Pylon, Stalker x3  
  82  14:27  Pylon  
  82  14:28  Pylon  
  90  14:32  Pylon  
  90  14:40  Probe  
  90  14:41  Probe  
  92  14:47  Assimilator  
  92  14:50  Stalker x3  
  92  14:51  Stalker  
  100  14:52  Assimilator  
  100  14:57  Probe x2  
  102  15:02  Phoenix x2  
  106  15:19  Observer  
  107  15:27  Phoenix x2 (Chrono Boost)  
  111  15:37  Protoss Air Weapons Level 1  
  111  15:40  Observer  
  112  15:49  Pylon  
  112  15:50  Phoenix x2 (Chrono Boost)  
  116  15:57  Gateway, Photon Cannon  
  116  15:58  Gateway  
  116  16:02  Observer, Photon Cannon, Gateway  
  117  16:05  Gateway  
  117  16:06  Probe x2  
  117  16:10  Gateway  
  119  16:22  Phoenix x2 (Chrono Boost)  
  123  16:44  Phoenix x2 (Chrono Boost)  
  127  17:17  Phoenix x2 (Chrono Boost)  
  131  17:27  Pylon x2  
  131  17:29  Pylon  
  131  17:32  Protoss Air Armor Level 1  
  131  17:34  Photon Cannon  
  131  17:36  Photon Cannon  
  131  17:38  Pylon  
  131  17:50  Dark Templar x4  
  131  17:51  Dark Templar x3  
  144  19:07  Phoenix x2 (Chrono Boost)  
  148  19:30  Nexus  
  152  19:31  Assimilator  
  152  19:32  Pylon  
  152  19:33  Assimilator  
  152  19:35  Pylon  
  152  19:36  Pylon  
  152  19:38  Pylon  
Show
View Real Time Build Order
Export as new Build Order

oblivous Zerg 

Build Orders: Hatch First 

Get SALT Encoding   

  12  0:03  Drone  
  13  0:12  Overlord  
  13  0:18  Drone  
  14  0:33  Drone x2  
  16  0:38  Drone  
  17  0:59  Hatchery  
  16  1:09  Spawning Pool  
  16  1:10  Drone  
  16  1:18  Drone  
  16  1:19  Drone  
  16  1:25  Extractor  
  17  1:26  Drone  
  18  1:59  Zergling x4  
  18  2:00  Zergling x2  
  21  2:10  Queen  
  21  2:11  Overlord  
  23  2:31  Extractor  
  23  2:35  Queen  
  24  2:42  Drone x2  
  26  2:47  Zergling x6  
  29  2:57  Drone x2  
  31  3:18  Drone x2  
  33  3:25  Drone x2  
  35  3:29  Lair  
  35  3:30  Metabolic Boost  
  35  3:35  Roach Warren  
  33  3:59  Zergling x4  
  35  4:07  Spine Crawler  
  29  4:25  Drone  
  29  4:26  Drone x2  
  32  4:35  Roach x2  
  32  4:38  Overlord  
  36  4:58  Roach x4  
  43  5:00  Spine Crawler  
  41  5:10  Roach  
  41  5:25  Spine Crawler  
  40  5:32  Ravager  
  41  5:39  Glial Reconstitution  
  41  5:42  Zergling x4  
  43  5:43  Zergling x2  
  43  5:44  Overlord x5  
  44  6:02  Zergling x4  
  44  6:03  Zergling x6  
  49  6:19  Zergling x4  
  49  6:20  Zergling x8  
  53  7:01  Hydralisk Den  
  52  7:09  Infestation Pit  
  52  7:13  Drone x6  
  57  7:19  Hatchery  
  54  7:31  Zergling x4  
  56  7:38  Muscular Augments  
  56  7:39  Hydralisk x2  
  60  7:48  Drone x2  
  62  8:08  Extractor  
  62  8:12  Extractor  
  60  8:14  Drone x2  
  60  8:18  Drone x2  
  60  8:19  Drone x6  
  70  8:31  Evolution Chamber  
  69  8:37  Drone x2  
  71  8:43  Roach x4  
  79  8:51  Tunneling Claws  
  79  8:57  Roach x4  
  87  9:05  Burrow  
  87  9:07  Drone  
  88  9:12  Overlord x3  
  88  9:22  Zergling x2  
  86  9:42  Roach x4  
  86  9:43  Roach x4  
  102  9:46  Zerg Missile Weapons Level 1  
  101  9:53  Evolution Chamber  
  101  9:59  Roach x3  
  78  10:34  Roach x3  
  78  10:35  Roach  
  86  10:47  Drone x2  
  86  10:48  Drone  
  88  11:22  Hydralisk x2  
  92  11:30  Drone  
  92  11:31  Drone x2  
  95  11:35  Drone  
  96  12:05  Zerg Missile Weapons Level 2  
  96  12:06  Baneling Nest  
  96  12:07  Zerg Ground Armor Level 1  
  95  12:13  Drone x2  
  97  12:35  Drone x4  
  97  12:36  Drone x2  
  103  13:05  Overseer  
  103  13:13  Hydralisk x2  
  107  13:34  Hatchery  
  107  13:40  Pneumatized Carapace  
  106  13:47  Hydralisk  
  106  13:50  Spawning Pool  
  95  14:37  Lair  
  95  14:38  Queen  
  95  14:43  Roach x27  
  97  15:10  Zergling x6  
  97  15:12  Drone x3  
  103  15:21  Drone x3  
  103  15:24  Zerg Melee Weapons Level 1  
  106  16:01  Drone x7  
  113  16:38  Overlord x5  
  104  17:07  Spire  
  102  17:39  Hatchery  
  75  18:28  Hydralisk  
  75  18:29  Hydralisk  
  75  18:33  Mutalisk x6  
  75  18:34  Roach x4  
  87  18:36  Mutalisk x3  
  55  19:01  Mutalisk x4  
  63  19:07  Overseer  
  63  19:11  Drone x2  
Tags
 
Matchup
PvZ
Replay Pack
All Mines
Spawn Locations
Cross Positions
Add a new tag
Caveats
  • Supply blocks, unpowered buildings, or Contaminate may cause inaccurate times.
  • Supply counts are checked every 10 seconds.